 Dungeon Crawl Stone Soup version 0.30-a0-354-g6b83867211 (webtiles) character file.

Game seed: 11756644225718083158

41 Muataran the Sneak (level 3, -6/33 (36) HPs)
             Began as a Troll Delver on Nov 7, 2022.
             Mangled by a wight
             ... wielding a +3 flail
              (12 damage)
             ... on level 4 of the Dungeon.
             The game lasted 00:01:37 (251 turns).

Muataran the Sneak (Troll Delver)                    Turns: 251, Time: 00:01:37

HP:   -6/33 (36)    AC:  4    Str: 20    XL:     3   Next: 32%
MP:   2/2           EV: 10    Int:  8    God:
Gold: 15            SH:  0    Dex: 11    Spells: 2/2 levels left

rFire   . . .      SeeInvis .      - Unarmed
rCold   . . .      Faith    .    (no shield)
rNeg    . . .      Spirit   .    a - +0 robe
rPois   .          Reflect  .    (helmet restricted)
rElec   .          Harm     .    (no cloak)
rCorr   .          Rampage  .    (gloves unavailable)
Will    .....                    (boots unavailable)
Stlth   ++........               (no amulet)
HPRegen 1.05/turn                (no ring)
MPRegen 0.08/turn                (no ring)

@: hasted, drained, very quick
A: large, unfitting armour, claws 3, regeneration 1, shaggy fur 1, tough skin 1
a: no special abilities


You were on level 4 of the Dungeon.
You visited 1 branch of the dungeon, and saw 2 of its levels.

You collected 15 gold pieces.

Inventory:

Armour
 a - a +0 robe (worn)
Jewellery
 c - an amulet of the acrobat
Wands
 f - a wand of digging (3)
 g - a wand of flame (29)
Scrolls
 b - a scroll of fog
 d - a scroll of fear
Potions
 h - a potion of flight {unknown}


   Skills:
 + Level 2.7 Fighting
 + Level 2.0 Dodging
 + Level 3.0 Stealth
 + Level 2.5 Unarmed Combat


You had 2 spell levels left.
You didn't know any spells.
Your spell library was empty.

Dungeon Overview and Level Annotations

Branches:
Dungeon (5/15)
 Temple: D:4-7

Altars:


Innate Abilities, Weirdness & Mutations

You are too large for most types of armour.
You have claws for hands.
Your natural rate of healing is unusually fast.
You are covered in fur. (AC +1)
You have tough skin. (AC +1)


Message History

The hound is almost dead.
The hound bites you. The hound barely misses you.
You scratch the hound.
You kill the hound!
Your Dodging skill increases to level 2!
Your Stealth skill increases to level 3!
You have reached level 3!
Your experience leads to an increase in your attributes!
Increase (S)trength, (I)ntelligence, or (D)exterity?
You feel clever. x2; You feel stronger.
There is an open door here.
You open the door.
There is an open door here.
A gnoll comes into view. It is wielding a +0 club.
There is an escape hatch in the ceiling here.
A wight comes into view. It is wielding a +3 flail.
A wight comes into view. It is wielding a +0 battleaxe.
The wight attacks as you move away! The wight hits you with a +3 flail!
You feel drained. The wight attacks as you move away! The wight misses you.
The wight attacks as you move away! The wight closely misses you.
There is an escape hatch in the ceiling here.
You scratch the wight.
The wight is moderately damaged.
The wight hits you with a +3 flail!
You closely miss the wight. You claw the wight.
The wight is moderately damaged.
The wight hits you with a +3 flail!
You scratch the wight but do no damage.
The wight is moderately damaged.
You scratch the wight but do no damage.
The wight is moderately damaged.
The wight hits you with a +3 flail.
* * * LOW HITPOINT WARNING * * *
You feel drained.
* * * LOW HITPOINT WARNING * * *
You feel yourself speed up. The wight hits you with a +3 flail.
* * * LOW HITPOINT WARNING * * *
The wight hits you with a +3 flail!
You die...

........+....# #......#
........#....# #......#
#.###...#....# #......#
#.###...#....####......#
........#.>.......######
........#.........#
#######'#.........+
#..................#.......'......#
#....#####.......#......#
#....#...'.......###+#.....
#....'...#...........# ....
#....#...#...........+ ...
#....################# $g ###### #


You could see a wight.

Vanquished Creatures
  A hound (D:4)
  4 orcs (D:4)
  A ball python (D:4)
  A goblin (D:4)
  A hobgoblin (D:4)
  A kobold (D:4)
9 creatures vanquished.

Notes
Turn   | Place    | Note
-------+----------+-------------------------------------------
     0 | D:5      | Muataran the Troll Delver began the quest for the Orb.
     0 | D:5      | Reached XP level 1. HP: 22/22 MP: 0/0
    39 | D:5      | Noticed an ogre
    70 | D:4      | Reached XP level 2. HP: 18/29 MP: 1/1
   204 | D:4      | Reached skill level 3 in Stealth
   204 | D:4      | Reached XP level 3. HP: 27/36 MP: 2/2
   233 | D:4      | Noticed a wight
   233 | D:4      | Noticed a wight
   251 | D:4      | Mangled by a wight

Illustrated notes

Levels and vault maps discovered:
D:4:      layout_gridville, dk_vineyard_2
D:5:      layout_basic, lemuel_round_altar

Skill      XL: |  1  2 |
---------------+-------+-----
Dodging        | 2 |  2.0
Stealth        | 3 |  3.0
Fighting       | |  2.7
Unarmed Combat | |  2.5

Action                   || total
-------------------------++-------
Melee: Unarmed           ||    30
       Punch             ||     1
  Use: Scroll            ||     1
       Potion            ||     1
Armor: Robe              ||     7
Dodge: Dodged            ||    10

Table legend: (Time is in decaauts)
 A = Elapsed time spent in this place.
 B = Non-inter-level travel time spent in this place.
 C = Inter-level travel time spent in this place.
 D = Time resting spent in this place.
 E = Time spent auto-exploring this place.
 F = Levels seen in this place.
 G = Mean time per level.
                   A        B        C        D        E       F      G
               +--------+--------+--------+--------+--------+-----+--------+
         Total |    249 |    249 |      0 |      0 |    107 |   2 |  124.5 |
       Dungeon |    249 |    249 |      0 |      0 |    107 |   2 |  124.5 |
               +--------+--------+--------+--------+--------+-----+--------+

Top non-repeatable levels by time:
     D:4: 192 daAuts
     D:5: 57 daAuts
